 Dungeon Crawl Stone Soup version 0.29.1-1-gd02db6906a (webtiles) character file.

Game seed: 7984495341111924463

1528 raistware the Thaumaturge (level 8, -2/48 HPs)
             Began as an Octopode Conjurer on Sept 27, 2022.
             Slain by a steam dragon (3 damage)
             ... on level 6 of the Dungeon.
             The game lasted 00:20:27 (7979 turns).

raistware the Thaumaturge (Octopode Conjurer)       Turns: 7979, Time: 00:20:27

Health: -2/48      AC:  1    Str:  6    XL:     8   Next: 85%
Magic:  9/20       EV: 13    Int: 23    God:
Gold:   270        SH:  0    Dex: 10    Spells: 18/23 levels left

rFire   . . .      SeeInvis .   k - staff of air
rCold   . . .      Faith    .   (no shield)
rNeg    . . .      Spirit   .   (helmet restricted)
rPois   +          Reflect  .   (no amulet)
rElec   +          Harm     .   w - ring of poison resistance
rCorr   .          Rampage  .   (no ring)
Will    .....                   (no ring)
Stlth   +++.......              (no ring)
HPRegen 0.16/turn               (no ring)
MPRegen 0.17/turn               (no ring)
                                (no ring)
                                (no ring)

@: no status effects
A: almost no armour, amphibious, 8 rings, camouflage 1, gelatinous body 1,
(nimble swimmer 1), tentacles
a: no special abilities


You were on level 6 of the Dungeon.
You visited 1 branch of the dungeon, and saw 6 of its levels.
You also visited: Ossuary.

You collected 270 gold pieces.

Inventory:

Missiles
 m - 5 poisoned darts
 o - a throwing net
Magical Staves
 k - a staff of air (weapon)
Jewellery
 w - a ring of poison resistance (left tentacle)
Wands
 j - a wand of charming (7)
 s - a wand of digging (2)
 t - a wand of mindburst (8)
 v - a wand of polymorph (1)
Scrolls
 f - 3 scrolls of noise
 g - 2 scrolls of vulnerability
 i - 2 scrolls of teleportation {unknown}
 l - a scroll of enchant weapon
 n - a scroll of enchant armour
 r - 2 scrolls of magic mapping {unknown}
Potions
 a - a potion of magic
 b - 4 potions of haste {unknown}
 c - 3 potions of curing
 d - a potion of lignification {unknown}
 e - 2 potions of flight {unknown}
 h - 2 potions of mutation
 p - 2 potions of cancellation {unknown}
 q - a potion of attraction {unknown}
 u - a potion of heal wounds {unknown}


   Skills:
 - Level 1.0 Fighting
 - Level 1.0 Staves
 + Level 2.9 Dodging
 - Level 3.0 Stealth
 * Level 8.1 Spellcasting
 * Level 6.3 Conjurations
 - Level 2.0 Translocations
 - Level 1.0 Air Magic
 - Level 1.0 Evocations


You had 18 spell levels left.
You knew the following spells:

 Your Spells              Type           Power      Damage    Failure   Level
a - Magic Dart            Conj           100%       1d8       1%          1
b - Iskenderun's Mystic   Conj/Tloc      28%        2d7       12%         4

Your spell library contained the following spells:

 Spells                   Type           Power      Damage    Failure   Level
 Searing Ray              Conj           76%        2d7       1%          2
 Apportation              Tloc           36%        N/A       3%          1
 Dazzling Flash           Conj/Hex       46%        N/A       5%          3
 Fulminant Prism          Conj/Hex       11%        3d9       19%         4
 Tukima's Dance           Hex            9%         N/A       21%         3
 Passage of Golubria      Tloc           18%        N/A       30%         4
 Alistair's Intoxication  Tmut/Pois      6%         N/A       88%         5
 Yara's Violent Unravell  Hex/Tmut       4%         3d4       88%         5


Dungeon Overview and Level Annotations

Branches:
Dungeon (6/15)            Ossuary (visited)
 Temple: D:4-7

Altars:
Cheibriados
Hepliaklqana
Qazlal
Xom
Zin

Shops:
D:4 (

Annotations:
D:6 exclusion: steam dragon


Innate Abilities, Weirdness & Mutations

You cannot wear most types of armour.
You are amphibious.
You can wear up to eight rings at the same time.
Your skin changes colour to match your surroundings (Stealth+).
Your rubbery body absorbs attacks. (AC +1, EV +1)
((You are camouflaged when in or above water. (Stealth+)))
You have tentacles for arms and can constrict up to eight enemies at once.


Message History

Confirm with . or Enter, or press ? or * to list all spells.
The spell is quite dangerous to miscast (12% risk of failure)!
Continue anyway? [Y]es or [N]o only, please.
The spell is quite dangerous to miscast (12% risk of failure)!
Continue anyway? [Y]es or [N]o only, please.
The spell is quite dangerous to miscast (12% risk of failure)!
Continue anyway?
You erupt in a blast of force!
The mystic blast hits the steam dragon.
The steam dragon is lightly wounded.
The steam dragon is knocked back by the mystic blast.
The steam dragon slams into the rock wall!
You feel better. The steam dragon bites you!
* * * LOW HITPOINT WARNING * * *
The steam dragon claws you.
* * * LOW HITPOINT WARNING * * *
Casting: Iskenderun's Mystic Blast (quite dangerous; 12% risk of failure)
Confirm with . or Enter, or press ? or * to list all spells.
The spell is quite dangerous to miscast (12% risk of failure)!
Continue anyway?
You erupt in a blast of force!
The mystic blast hits the steam dragon.
The steam dragon is lightly wounded.
The steam dragon is knocked back by the mystic blast.
The steam dragon slams into the rock wall!
The steam dragon is moderately wounded.
The steam dragon breathes steam at you. The ball of steam misses you.
Casting: Iskenderun's Mystic Blast (quite dangerous; 12% risk of failure)
Confirm with . or Enter, or press ? or * to list all spells.
The spell is quite dangerous to miscast (12% risk of failure)!
Continue anyway?
You erupt in a blast of force!
The mystic blast hits the steam dragon.
The steam dragon is moderately wounded.
The steam dragon is knocked back by the mystic blast.
The steam dragon slams into the rock wall!
The steam dragon is heavily wounded.
You are engulfed in a cloud of scalding steam.
* * * LOW HITPOINT WARNING * * *
Unknown command.
Okay, then.
You feel better. The steam dragon bites you!
* * * LOW HITPOINT WARNING * * *
The steam dragon claws you.
You die...

#.#.##.###.... .####.#
####.#.........># .#
#(# .....#.##......##
.# #.#
######.##.####.###.#
#.# ###...........o.#
#.# #...........## #.#
#.#.##.####.# #.#
#.#.##.# #.########.#
#......# #.D@.......#
##.#.##.####.##########
##...............#
#..#.#.##.#..#.###
#.##.#.##.#..#.#
#.##.#.##<#.##.#
#.##.#......##.#
.......##.#.##.#
.......##.#.####


You could see a steam dragon (catching breath).

Vanquished Creatures
  2 water moccasins
  A black bear (D:5)
  An ogre (D:4)
  3 phantoms
  A scorpion (D:4)
  5 water moccasin zombies (Ossuary)
  2 gnoll boudas
  An iron imp (D:3)
  2 iguanas
  4 orc wizards
  2 mummies (Ossuary)
  16 gnolls
  5 adders
  A white imp (D:5)
  3 adder zombies (Ossuary)
  2 dart slugs
  9 orcs
  7 ball pythons
  4 bats
  9 endoplasms
  3 giant cockroaches
  4 goblins
  10 hobgoblins
  9 jackals
  12 kobolds
  3 quokkas
  2 frilled lizards (D:2)
  2 gnoll zombies (Ossuary)
  5 hobgoblin zombies (Ossuary)
  3 kobold zombies (Ossuary)
  7 orc zombies (Ossuary)
  7 rats
147 creatures vanquished.

Notes
Turn   | Place    | Note
-------+----------+-------------------------------------------
     0 | D:1      | raistware the Octopode Conjurer began the quest for the
                  | Orb.
     0 | D:1      | Reached XP level 1. HP: 11/11 MP: 3/3
   174 | D:1      | Reached XP level 2. HP: 17/17 MP: 3/5
   475 | D:1      | Reached skill level 3 in Spellcasting
   542 | D:1      | Reached XP level 3. HP: 14/21 MP: 1/7
  1261 | D:2      | Noticed a golden eye
  1264 | D:2      | Found a faded altar of an unknown god.
  1266 | D:2      | Noticed an eye of devastation
  1266 | D:2      | Noticed a great orb of eyes
  1266 | D:2      | Noticed a golden eye
  1473 | D:2      | Reached XP level 4. HP: 27/27 MP: 3/9
  1475 | D:2      | Reached skill level 4 in Spellcasting
  1480 | D:2      | Learned a level 4 spell: Iskenderun's Mystic Blast
  1785 | D:2      | Reached skill level 1 in Translocations
  2363 | D:3      | Reached XP level 5. HP: 21/31 MP: 2/11
  2634 | D:3      | Found a snail-covered altar of Cheibriados.
  3404 | D:4      | Noticed a phantom
  3413 | D:4      | Killed a phantom
  3414 | D:4      | Reached skill level 5 in Spellcasting
  3414 | D:4      | Reached XP level 6. HP: 33/36 MP: 4/14
  3594 | D:4      | Noticed a water moccasin
  3606 | D:4      | Killed a water moccasin
  3607 | D:4      | Reached skill level 6 in Spellcasting
  3637 | D:4      | Found Hikkacuc's Antique Weapon Boutique.
  3663 | D:4      | Found a sand-covered staircase.
  3672 | Ossuary  | Entered an ossuary
  3846 | Ossuary  | Reached skill level 1 in Air Magic
  3846 | Ossuary  | Reached XP level 7. HP: 7/41 MP: 16/16
  4225 | Ossuary  | Reached skill level 1 in Fighting
  4379 | Ossuary  | Reached skill level 7 in Spellcasting
  4627 | D:4      | Reached skill level 1 in Staves
  4636 | D:4      | Reached XP level 8. HP: 36/48 MP: 0/19
  4638 | D:5      | Entered Level 5 of the Dungeon
  4760 | D:4      | Reached skill level 5 in Conjurations
  5059 | D:4      | Found a glowing silver altar of Zin.
  5211 | D:5      | Reached skill level 1 in Evocations
  5918 | D:5      | Reached skill level 8 in Spellcasting
  6702 | D:5      | Found a hazy altar of Hepliaklqana.
  6702 | D:5      | Found a faded altar of an unknown god.
  6708 | D:5      | Found a shimmering altar of Xom.
  6710 | D:5      | Found a faded altar of an unknown god.
  6712 | D:5      | Found a stormy altar of Qazlal.
  7977 | D:6      | HP: 1/48 [steam dragon] (10)]
  7979 | D:6      | Slain by a steam dragon

Illustrated notes

Levels and vault maps discovered:
D:1:      elethiomel_arrival_shortcut, layout_rooms
D:2:      layout_basic, hellmonk_ecumenical_altar_watching_god
D:3:      layout_rooms, slow_altar_1
D:4:      layout_rooms, zin_treasury, enter_ossuary_3, serial_shops,
          nicolae_shop_waterfront, st_stairs_5, lemuel_flame_loot_1
D:5:      layout_layer_cave, chequers_temple_overflow_minitemple, st_stairs_5
D:6:      layout_basic

Skill      XL: |  1  2  3  4  5  6  7  8 |
---------------+-------------------------+-----
Spellcasting   | 3 4 5 6 7 8 |  8.1
Translocations | 2 |  2.0
Air Magic      | 1 |  1.0
Fighting       | 1 |  1.0
Staves         | 1 |  1.0
Conjurations   | 6 |  6.3
Evocations     | 1 |  1.0
Stealth        | 3 |  3.0
Dodging        | |  2.9

Action                   |  1- 3 |  4- 6 |  7- 9 || total
-------------------------+-------+-------+-------++-------
Melee: Unarmed           |    29 |       |     9 ||    38
       Tentacles         |     8 |     2 |    30 ||    40
       Constrict         |     5 |     9 |    23 ||    37
       Staff             |       |    20 |    85 ||   105
       Punch             |       |     1 |     2 ||     3
Throw: Dart              |       |       |    11 ||    11
       Throwing net      |       |       |     3 ||     3
 Cast: Magic Dart        |    75 |    99 |   110 ||   284
       Iskenderun's Myst |       |     4 |    21 ||    25
Evoke: Wand              |       |       |     3 ||     3
  Use: Scroll            |       |     7 |     8 ||    15
       Potion            |       |     1 |     3 ||     4
 Stab: Sleeping          |       |       |     2 ||     2
Armor: Skin              |     2 |     4 |     5 ||    11
Dodge: Dodged            |    22 |    36 |    77 ||   135
